 Dungeon Crawl Stone Soup version 0.14-a0-1585-g835621a (webtiles) character file.

335 HollowCharge the Slasher (level 5, -1/37 HPs)
             Began as a High Elf Skald on Dec 22, 2013.
             Slain by a gnoll
             ... wielding a +0,+0 flail
              (2 damage)
             ... on Level 3 of the Dungeon.
             The game lasted 00:24:39 (4128 turns).

HollowCharge the Slasher (High Elf Skald)           Turns: 4128, Time: 00:24:39

HP  -1/37        AC  5     Str 12      XL: 5   Next:  9%
MP  12/12        EV 11     Int 16      God:
Gold 186         SH  0     Dex 14      Spells:  3 memorised,  3 levels left

rFire  . . .     SeeInvis .     a - +0 elf falchion (curse)
rCold  . . .     Clarity  .     f - +0 leather armour (curse)
rNeg   . . .     Conserve +     (no shield)
rPois  .         rCorr    .     o - +0 helmet
rElec  .         rRot     .     (no cloak)
SustAb + .       Spirit   .     i - +0 pair of gloves
rMut   .         Warding  .     (no boots)
Saprov . . .     RndTele  +     d - amulet of conservation
                                l - cursed ring of teleportation
                                n - ring of sustain abilities

@: slightly resistant to hostile enchantments, unstealthy
A: no striking features
a: Evoke Teleportation


You were on level 3 of the Dungeon.
You were not hungry.

You visited 1 branch of the dungeon, and saw 4 of its levels.

You collected 186 gold pieces.

Inventory:

Hand weapons
 a - a cursed +0,+0 elven falchion (weapon)
Armour
 f - a cursed +0 leather armour (worn)
 i - a +0 pair of gloves (worn)
 j - a +0 leather armour of fire resistance
 o - a +0 helmet (worn)
 q - a +0 elven ring mail
Magical devices
 r - a wand of random effects (16) {unknown}
Comestibles
 b - a chunk of quokka flesh
 g - a pear
 h - a banana
 m - a bread ration
Scrolls
 k - a scroll of noise {unknown}
Jewellery
 d - an amulet of conservation (around neck)
 l - a cursed ring of teleportation (right hand)
 n - a ring of sustain abilities (left hand)
Potions
 e - 5 potions of curing
Books
 c - a book of Battle

   Spells                             Type                      Level
   *Infusion                          Charms                       1
   *Shroud of Golubria                Charms/Translocation         2
   *Song of Slaying                   Charms                       2
   Spectral Weapon                    Hexes/Charms                 3
   Regeneration                       Charms/Necromancy            3


   Skills:
 * Level 4.0 Fighting
 * Level 4.2 Long Blades
 - Level 0.8 Armour
 + Level 2.1 Dodging
 - Level 2.4 Spellcasting
 - Level 3.6 Charms


You had 3 spell levels left.
You knew the following spells:

 Your Spells              Type           Power        Failure   Level  Hunger
a - Infusion              Chrm           ##....       6%          1    #......
b - Song of Slaying       Chrm           ##......     10%         2    ##.....
c - Shroud of Golubria    Chrm/Tloc      #.........   17%         2    ##.....


Dungeon Overview and Level Annotations

Branches:
Dungeon (4/16)
 Temple: D:4-7

Altars:


Message History

Confirm with . or Enter, or press ? or * to list all spells.
Your attacks are magically infused.
The gnoll shouts!
The gnoll throws a stone.
The stone hits you!
You see here a stone.
The gnoll barely misses you.
You hit the gnoll but do no damage. The gnoll hits you with a flail!
You hit the gnoll.
The gnoll is moderately wounded.
The gnoll hits you with a flail.
You hit the gnoll but do no damage.
The gnoll is moderately wounded.
The gnoll hits you from afar with a halberd!
* * * LOW HITPOINT WARNING * * *
The gnoll hits you with a flail!
* * * LOW HITPOINT WARNING * * *
Your leather armour prevents you from hitting the gnoll.
The gnoll is moderately wounded.
The gnoll hits you with a flail.
You die...

..............)..................
.##.#############.#..............
................#.######........#
###.....#######g#.######........#
# #.....# #.................#
###...(.# #.................#
..#.##### #.g................
.##.# #.g.......######.## .##.#
########.@.......# #.# .##.#
##........(.......# #.# .##.#
#.................# #.# .##.#
#.................# #.## .##.#
#..........().....# #...
....###.########(.......# #.##
......#.##...# #........# #.#
#####.#.##...# #........# #.#
......#.##...# ########## #.#


You could see 3 gnolls.

Vanquished Creatures
  Jessica (D:3)
  4 gnolls (D:3)
  2 adders
  A worm (D:4)
  3 giant geckos
  An ooze (D:3)
  3 orcs
  4 bats
  2 giant cockroaches
  6 goblins
  10 hobgoblins
  8 kobolds
  3 quokkas
  4 giant newts
  3 jackals
  9 rats
  A rat skeleton (D:4)
65 creatures vanquished.

Notes
Turn   | Place    | Note
--------------------------------------------------------------
     0 | D:1      | HollowCharge, the High Elf Skald, began the quest for the Orb.
     0 | D:1      | Reached XP level 1. HP: 14/14 MP: 4/4
   274 | D:1      | Reached XP level 2. HP: 18/20 MP: 6/6
  1057 | D:2      | Reached XP level 3. HP: 16/25 MP: 6/8
  1170 | D:2      | Learned a level 2 spell: Song of Slaying
  1173 | D:2      | Learned a level 2 spell: Shroud of Golubria
  2194 | D:3      | Reached XP level 4. HP: 22/31 MP: 4/11
  2544 | D:3      | Noticed Jessica
  2551 | D:3      | Killed Jessica
  3554 | D:4      | Reached skill level 4 in Fighting
  3597 | D:4      | Noticed an ogre
  3906 | D:4      | Reached XP level 5. HP: 35/37 MP: 8/12
  4127 | D:3      | HP: 1/37 [gnoll/flail (8)]
  4128 | D:3      | Slain by a gnoll

Action                   |  1- 3 |  4- 6 || total
-------------------------+-------+-------++-------
Melee: Falchion          |   110 |   117 ||   227
 Cast: Infusion          |     4 |     5 ||     9
       Shroud of Golubri |     1 |     1 ||     2
       Song of Slaying   |     1 |       ||     1
  Use: Scroll            |     5 |     3 ||     8
       Potion            |     6 |     2 ||     8
 Stab: Invisible         |     1 |       ||     1
       Sleeping          |     1 |       ||     1
